 Dungeon Crawl Stone Soup version 0.29-a0-330-g52719c12eb (webtiles) character file.

Game seed: 1049110578983141288

62 kae the Firebug (level 3, -5/26 HPs)
             Began as a Demigod Fire Elementalist on Apr 23, 2022.
             Slain by a gnoll
             ... wielding a +3 flail
              (12 damage)
             ... on level 2 of the Dungeon.
             The game lasted 00:00:57 (1767 turns).

kae the Firebug (Demigod Fire Elementalist)         Turns: 1767, Time: 00:00:58

Health: -5/26      AC:  2    Str:  9    XL:     3   Next: 60%
Magic:  3/9        EV: 12    Int: 21    God:
Gold:   66         SH:  0    Dex: 14    Spells: 0/6 levels left

rFire   . . .      SeeInvis +   h - +0 dagger
rCold   . . .      Faith    .   (no shield)
rNeg    . . .      Spirit   .   a - +0 robe
rPois   .          Reflect  .   (no helmet)
rElec   .          Harm     .   (no cloak)
rCorr   .          Rampage  .   (no gloves)
Will    .....                   (no boots)
Stlth   ++........              (no amulet)
HPRegen 0.08/turn               e - ring of see invisible
MPRegen 0.11/turn               c - ring of flight

@: lethally poisoned (-5 -> -6), flying
A: high MP 1, forlorn, divine attributes
a: no special abilities


You were on level 2 of the Dungeon.
You visited 1 branch of the dungeon, and saw 2 of its levels.

You collected 66 gold pieces.

Inventory:

Hand Weapons
 h - a +0 dagger (weapon)
Armour
 a - a +0 robe (worn)
Jewellery
 c - a ring of flight (right hand)
 e - a ring of see invisible (left hand)
Potions
 b - a potion of magic
 d - a potion of curing {unknown}
 f - a potion of mutation {unknown}
 g - 2 potions of heal wounds {unknown}


   Skills:
 - Level 1.7 Dodging
 - Level 1.7 Stealth
 + Level 2.3 Spellcasting
 + Level 1.7 Conjurations
 * Level 3.6 Fire Magic


You couldn't memorise any spells.
You knew the following spells:

 Your Spells              Type           Power      Damage    Failure   Level
a - Foxfire               Conj/Fire      52%        2x1d6     4%          1
b - Scorch                Fire           34%        2d6       4%          2
c - Conjure Flame         Conj/Fire      13%        6-21      14%         3

Your spell library contained the following spells:

 Spells                   Type           Power      Damage    Failure   Level
 Inner Flame              Hex/Fire       10%        N/A       21%         3
 Flame Wave               Conj/Fire      13%        2d6       43%         4


Dungeon Overview and Level Annotations

Branches:
Dungeon (2/15)


Innate Abilities, Weirdness & Mutations

You have an increased reservoir of magic. (+10% MP)
You shall have no god before yourself.
Your divine heritage dramatically boosts your attributes as you level up.


Message History

A gnoll is nearby!
Casting: Foxfire (safe; 4% risk of failure)
Confirm with . or Enter, or press ? or * to list all spells.
You conjure some foxfire!
The foxfire hits the gnoll but does no damage.
An adder comes into view.
The foxfire hits the adder.
The adder is lightly wounded.
A gnoll comes into view. It is wielding a +3 flail.
The foxfire hits the gnoll.
The gnoll is moderately wounded.
You tear a large gash into the net.
Okay, then.
You aren't carrying any scrolls.
You struggle against the net.
A gnoll comes into view. It is wielding a +0 spear.
You rip the net and break free!
The adder bites you. The gnoll barely misses you.
The adder attacks as you move away! The adder bites you but does no damage.
The gnoll shouts!
You hear a shout! x2
The adder closely misses you.
There is an open door here.
Casting: Foxfire (safe; 4% risk of failure)
Confirm with . or Enter, or press ? or * to list all spells.
Flames lash the adder.
The adder is heavily wounded.
The adder's fire resistance burns away.
The adder bites you.
You are poisoned.
The adder poisons you!
A goblin comes into view. It is wielding a +0 dagger.
You feel sick. The adder closely misses you.
The gnoll hits you from afar with a +0 halberd.
Casting: Scorch (safe; 4% risk of failure)
Confirm with . or Enter, or press ? or * to list all spells.
Flames lash the adder.
The adder is burned terribly!
You kill the adder!
You feel sick.
The gnoll hits you from afar with a +0 halberd!
You feel sick. The gnoll hits you with a +3 flail!
You die...

,,,* #..##'##..# #
**,**########.........###########
,,,,,............'....'..........
**,,*##########.##....###########
**,** #######'##....# #.... *,,*
#....†........# #.### **,**
#..........#### #####.# # *,,*
#....).....# *.....#
**,**#.......@..# **#...#
*,,*#######g###########...###
**,** #..g.......##.......#
******,,* #..g.......+....>##.#
,,,,,,,,* #..........#..#.###.#
,,,,,,,,****#g.........#§.#####..
,,,,,,,,,,,............#§§§§..#.#
,,,,,,,,,,.<...........#§####+#+#
,,,,,,,,,....##+########§§§......


You could see 3 gnolls and a goblin.

Vanquished Creatures
  3 adders (D:2)
  6 ball pythons
  3 endoplasms
  A giant cockroach (D:2)
  3 goblins (D:1)
  A hobgoblin (D:1)
  4 jackals (D:1)
  3 bats (D:1)
  2 frilled lizards
  5 kobolds
  5 rats
36 creatures vanquished.

Vanquished Creatures (others)
  104 foxfires
104 creatures vanquished.

Grand Total: 140 creatures vanquished

Notes
Turn   | Place    | Note
-------+----------+-------------------------------------------
     0 | D:1      | kae the Demigod Fire Elementalist began the quest for the
                  | Orb.
     0 | D:1      | Reached XP level 1. HP: 14/14 MP: 5/5
   173 | D:1      | Reached skill level 1 in Conjurations
   324 | D:1      | Reached skill level 3 in Fire Magic
   483 | D:1      | Reached XP level 2. HP: 20/20 MP: 4/7
  1402 | D:2      | Reached XP level 3. HP: 26/26 MP: 5/8
  1405 | D:2      | Learned a level 2 spell: Scorch
  1437 | D:2      | Learned a level 3 spell: Conjure Flame
  1767 | D:2      | Slain by a gnoll

Illustrated notes

Levels and vault maps discovered:
D:1:      dpeg_arrival_tiny_f, layout_basic,
          hellmonk_ecumenical_altar_slurped_away
D:2:      layout_basic, hangedman_abyss_or_decor_lesser_grid,
          minmay_misc_feat_room

Skill      XL: |  1  2 |
---------------+-------+-----
Conjurations   | 1 |  1.7
Fire Magic     | 3 |  3.6
Spellcasting   | 2 |  2.3
Dodging        | |  1.7
Stealth        | |  1.7

Action                   || total
-------------------------++-------
Melee: Dagger            ||     3
 Cast: Foxfire           ||    67
       Scorch            ||     2
  Use: Scroll            ||     2
 Stab: Sleeping          ||     1
Armor: Robe              ||     3
Dodge: Dodged            ||    20

Table legend: (Time is in decaauts)
 A = Elapsed time spent in this place.
 B = Non-inter-level travel time spent in this place.
 C = Inter-level travel time spent in this place.
 D = Time resting spent in this place.
 E = Time spent auto-exploring this place.
 F = Levels seen in this place.
 G = Mean time per level.
                   A        B        C        D        E       F      G
               +--------+--------+--------+--------+--------+-----+--------+
         Total |   1765 |   1750 |     15 |      0 |   1516 |   2 |  882.5 |
       Dungeon |   1765 |   1750 |     15 |      0 |   1516 |   2 |  882.5 |
               +--------+--------+--------+--------+--------+-----+--------+

Top non-repeatable levels by time:
     D:1: 1257 daAuts
     D:2: 507 daAuts
